 Dungeon Crawl Stone Soup version 0.31-a0-816-gd61d57ddb1 (webtiles) character file.

Game seed: 9827846623839001906

360 Maratek the Trooper (level 6, -4/56 HPs)
             Began as a Hill Orc Fighter on Sept 22, 2023.
             Slain by an ice beast (7 damage)
             ... on level 5 of the Dungeon.
             The game lasted 00:03:12 (2946 turns).

Maratek the Trooper (Hill Orc Fighter)              Turns: 2946, Time: 00:03:14

Health: -4/56      AC:  8    Str: 21    XL:     6   Next: 65%
Magic:  6/6        EV:  9    Int:  8    God:
Gold:   229        SH:  4    Dex: 10    Spells: 5/5 levels left

rFire   + . .        a - +0 war axe
rCold   . . .        c - +0 buckler
rNeg    . . .        i - +1 scale mail {rC+}
rPois   .            (no helmet)
rElec   .            (no cloak)
rCorr   .            (no gloves)
SInv    .            (no boots)
Will    .....        (no amulet) Stlth
                     q - ring of fire
HPRegen 0.29/turn    (no ring)
MPRegen 0.10/turn

%: no passive effects
@: no status effects
A: no striking features
a: no special abilities


You were on level 5 of the Dungeon.
You visited 1 branch of the dungeon, and saw 5 of its levels.

You collected 229 gold pieces.

Inventory:

Hand Weapons
 a - a +0 war axe (weapon)
Missiles
 m - a throwing net
Armour
 c - a +0 buckler (worn)
 i - a +1 scale mail of cold resistance (worn)
Jewellery
 e - an amulet of the acrobat
 q - a ring of fire (left hand)
Wands
 t - a wand of polymorph (11)
 u - a wand of mindburst (7)
Scrolls
 f - 4 scrolls of identify {unknown}
 g - 2 scrolls of poison {unknown}
 h - 3 scrolls of teleportation {unknown}
 j - a scroll of fear {unknown}
 o - a scroll of amnesia {unknown}
 p - a scroll of noise {unknown}
 r - a scroll of brand weapon {unknown}
Potions
 b - 6 potions of curing {unknown}
 d - a potion of might
 k - a potion of brilliance {unknown}
 l - a potion of berserk rage {unknown}
 n - a potion of ambrosia {unknown}
 s - a potion of heal wounds {unknown}


   Skills:
 * Level 5.4 Fighting
 + Level 5.2 Axes
 + Level 4.3 Armour
 + Level 1.0 Dodging
 + Level 4.7 Shields


You had 5 spell levels left.
You didn't know any spells.
Your spell library contained the following spells:

 Spells                   Type           Power      Damage    Failure   Level
 Inner Flame              Hex/Fire       0%         N/A       99%         3
 Iskenderun's Battlesphe  Conj           0%         2d6       100%        5
 Yara's Violent Unravell  Hex/Tmut       0%         3d3       100%        5
 Bombard                  Conj/Erth      0%         9d1       100%        6
 Enfeeble                 Hex            0%         N/A       100%        7
 Spellforged Servitor     Conj/Summ      0%         N/A       100%        7


Dungeon Overview and Level Annotations

Branches:
Dungeon (5/15)
 Temple: D:4-7

Altars:
Kikubaaqudgha
Okawaru
Qazlal
Uskayaw


Message History

The ice beast hits you but does no damage.
You closely miss the ice beast.
The ice beast is lightly wounded.
The ice beast hits you but does no damage.
You block the ice beast's attack.
You closely miss the ice beast.
The ice beast is lightly wounded.
The ice beast hits you. The ice beast freezes you!
You hit the ice beast.
The ice beast is moderately wounded.
You block the ice beast's attack. x2
You slash the ice beast!
The ice beast is severely wounded.
The ice beast hits you but does no damage.
You hit the ice beast but do no damage.
The ice beast is severely wounded.
The ice beast hits you but does no damage.
You barely miss the ice beast.
The ice beast is severely wounded.
The ice beast hits you but does no damage.
You hit the ice beast.
The ice beast is severely wounded.
The ice beast misses you. You block the ice beast's attack.
You closely miss the ice beast.
The ice beast is severely wounded.
The ice beast barely misses you.
You hit the ice beast but do no damage.
The ice beast is severely wounded.
The ice beast barely misses you.
You hit the ice beast.
The ice beast is almost dead.
The ice beast hits you. The ice beast freezes you!
* * * LOW HITPOINT WARNING * * *
You barely miss the ice beast.
The ice beast is almost dead.
The ice beast hits you but does no damage.
The ice beast hits you.
* * * LOW HITPOINT WARNING * * *
The ice beast freezes you!
You die...

#.#..#######
#.........Y. #.$#
#.Y# #..# #..#
#..# #..#########
#.....Y@...#
#.########.......
#.###############
#....<........
######.#######
........#
#########


You could see an ice beast.

Vanquished Creatures
  An ice beast (D:5)
  A phantom (D:4)
  A hound (D:4)
  Terence (D:2)
  2 iguanas (D:4)
  5 adders
  A worm (D:2)
  A dart slug (D:1)
  4 orcs
  4 endoplasms
  3 giant cockroaches
  4 hobgoblins
  4 jackals (D:4)
  3 quokkas
  4 ball pythons
  A bat (D:2)
  A frilled lizard (D:2)
  3 goblins (D:3)
  3 kobolds
  3 rats
50 creatures vanquished.

Notes
Turn   | Place    | Note
-------+----------+-------------------------------------------
     0 | D:1      | Maratek the Hill Orc Fighter began the quest for the Orb.
     0 | D:1      | Reached XP level 1. HP: 19/19 MP: 1/1
   254 | D:1      | Reached XP level 2. HP: 24/27 MP: 2/2
   653 | D:2      | Noticed Terence
   659 | D:2      | Killed Terence
   660 | D:2      | Reached XP level 3. HP: 26/33 MP: 3/3
  1171 | D:2      | Reached XP level 4. HP: 29/40 MP: 4/4
  1646 | D:3      | Found a stormy altar of Qazlal.
  2067 | D:4      | Reached XP level 5. HP: 34/47 MP: 5/5
  2284 | D:4      | Noticed a phantom
  2285 | D:4      | Found an iron altar of Okawaru.
  2302 | D:4      | Killed a phantom
  2303 | D:4      | Reached skill level 5 in Fighting
  2303 | D:4      | Reached XP level 6. HP: 29/56 MP: 6/6
  2512 | D:4      | Found a hide-covered altar of Uskayaw.
  2600 | D:4      | Found an ancient bone altar of Kikubaaqudgha.
  2888 | D:5      | Entered Level 5 of the Dungeon
  2911 | D:5      | Noticed an ice beast
  2911 | D:5      | Noticed an ice beast
  2932 | D:5      | Killed an ice beast
  2933 | D:5      | Reached skill level 5 in Axes
  2933 | D:5      | Reached skill level 1 in Dodging
  2946 | D:5      | Slain by an ice beast

Illustrated notes

Levels and vault maps discovered:
D:1:      scummos_arrival_star, layout_loops_cross, minmay_tromino_v2
D:2:      layout_basic, uniq_terence
D:3:      layout_loops_ring, old_standard_altar
D:4:      layout_rooms, okawaru_gym_becter,
          nicolae_uskayaw_murder_on_the_dancefloor,
          mainiacjoe_overflow_chevrons, minivault_19
D:5:      layout_loops_ring, nicolae_overflow_hidden_temple,
          minmay_temple_entry_trees, uniq_eustachio

Skill      XL: |  1  2  3  4  5  6 |
---------------+-------------------+-----
Shields        | 4 |  4.7
Fighting       | 4 5 |  5.4
Axes           | 3 4 5 |  5.2
Armour         | 4 |  4.3
Dodging        | 1 |  1.0

Action                     |  1- 3 |  4- 6 || total
---------------------------+-------+-------++-------
  Melee: War axe           |    62 |   111 ||   173
 Armour: Scale mail        |    39 |    85 ||   124
  Dodge: Dodged            |    22 |    58 ||    80
  Block: Buckler           |    20 |    31 ||    51

Table legend: (Time is in decaauts)
 A = Elapsed time spent in this place.
 B = Non-inter-level travel time spent in this place.
 C = Inter-level travel time spent in this place.
 D = Time resting spent in this place.
 E = Time spent auto-exploring this place.
 F = Levels seen in this place.
 G = Mean time per level.
                   A        B        C        D        E       F      G
               +--------+--------+--------+--------+--------+-----+--------+
         Total |   3006 |   2908 |     98 |    183 |   2284 |   5 |  601.2 |
       Dungeon |   3006 |   2908 |     98 |    183 |   2284 |   5 |  601.2 |
               +--------+--------+--------+--------+--------+-----+--------+

Top non-repeatable levels by time:
     D:4: 846 daAuts
     D:2: 810 daAuts
     D:1: 653 daAuts
     D:3: 632 daAuts
     D:5: 63 daAuts
